 Dungeon Crawl Stone Soup version 0.25-a0-930-g9f5dfa9 (webtiles) character file.

Game seed: 297078958215799553, levelgen mode: deterministic

57502 DrEnzyme the Spry (level 14, -6/73 HPs)
             Began as a Spriggan Wanderer on May 3, 2020.
             Was an Elder of Ashenzari.
             Mangled by an eight-headed hydra (7 damage)
             ... while petrified by you
             ... on level 6 of the Lair of Beasts.
             The game lasted 01:28:43 (33496 turns).

DrEnzyme the Spry (Spriggan Wanderer)              Turns: 33496, Time: 01:28:44

Health: -6/73      AC:  6    Str: 11    XL:     14   Next: 46%
Magic:  29/29      EV:  4    Int: 21    God:    Ashenzari [****..]
Gold:   674        SH:  0    Dex: 18    Spells: 20/21 levels left

rFire    + . .     SeeInvis +   a - +5 dagger (venom) (curse)
rCold    . . .     Gourm    .   (shield restricted)
rNeg     + + +     Faith    .   s - +1 robe of Incorporation {rF+ rN+} (curse)
rPois    ∞         Spirit   .   n - +3 hat of Pondering {ponderous, MR+ MP+10 Int+5} (curse)
rElec    .         Reflect  +   (no cloak)
rCorr    .         Harm     .   (gloves unavailable)
MR       +....     Clarity  +   (boots unavailable)
Stlth    +++++++...             Q - +3 amulet of reflection (curse)
HPRegen  0.22/turn              l - +4 ring of evasion (curse)
MPRegen  0.21/turn              A - +3 ring of strength

@: petrified, vulnerable, very quick
A: very small, unfitting armour, see invisible, herbivore, speed 3, low mp 1,
slow metabolism 2, subdued magic 1, MP-powered wands
a: End Transfer Knowledge, Curse Item, Scrying, Renounce Religion


You were on level 6 of the Lair of Beasts.
You worshipped Ashenzari.
Ashenzari was greatly pleased with you.
You were hungry.

You visited 5 branches of the dungeon, and saw 20 of its levels.
You also visited: Bailey and Wizlab.

You collected 1797 gold pieces.
You spent 1123 gold pieces at shops.

Inventory:

Hand Weapons
 a - a cursed +5 dagger of venom (weapon)
 e - a +0 hunting sling
Missiles
 w - 227 sling bullets
 K - 18 poisoned darts (quivered)
Armour
 n - the cursed +3 hat of Pondering (worn) {ponderous, MR+ MP+10 Int+5}
   (You took it off Gastronok on level 2 of the Lair of Beasts)

   It affects your intelligence (+5).
   It affects your resistance to hostile enchantments.
   It affects your magic capacity (+10).
   It has a curse placed upon it.
 s - the cursed +1 robe of Incorporation (worn) {rF+ rN+}
   (You bought it in a shop on level 6 of the Dungeon)

   It protects you from fire.
   It protects you from negative energy.
   It has a curse placed upon it.
 P - +1 steam dragon scales
Jewellery
 l - a cursed +4 ring of evasion (left hand)
 t - an uncursed ring of resist corrosion
 A - a +3 ring of strength (right hand)
 J - an uncursed ring of flight
 Q - a cursed +3 amulet of reflection (around neck)
 T - an uncursed ring of wizardry
 V - the ring "Jutrogug" {Dex+4 Slay+1}
   (You found it on level 4 of the Lair of Beasts)

   [ring of slaying]

   It affects your dexterity (+4).
   It affects your accuracy and damage with ranged weapons and melee attacks
   (+1).
 X - an uncursed amulet of rage
Wands
 v - a wand of disintegration (3)
 C - a wand of polymorph (30)
 I - a wand of paralysis (10)
 S - a wand of digging (4)
Scrolls
 g - a scroll of random uselessness {unknown}
 h - a scroll of holy word {unknown}
 i - 3 scrolls of identify
 j - a scroll of amnesia
 m - 2 scrolls of immolation
 o - a scroll of noise
 p - a scroll of fog
 r - a scroll of teleportation
 u - a scroll of blinking {unknown}
 E - a scroll of enchant armour
 G - 4 scrolls of remove curse
 H - 2 scrolls of magic mapping
 M - a scroll of summoning {unknown}
 O - a scroll of fear
 U - a scroll of enchant weapon
Potions
 b - 4 potions of lignification
 d - a potion of cancellation {unknown}
 k - 4 potions of curing
 q - 3 potions of stabbing
 x - 4 potions of heal wounds
 z - a potion of mutation
 D - a potion of might
 F - 3 potions of flight
 L - a potion of brilliance
 N - a potion of invisibility {unknown}
 R - 2 potions of magic {unknown}
 W - 3 potions of haste
Comestibles
 f - 9 rations


   Skills:
 + Level 8.1 Fighting
 + Level 12.9(16.0) Short Blades
   Level 1.1 Polearms
 - Level 2.2 Throwing
 - Level 5.7 Armour
 * Level 20.9(22.4) Dodging
 + Level 15.4(17.2) Stealth
 * Level 4.4 Spellcasting
 - Level 1.3(2.8) Evocations


You had 20 spell levels left.
You knew the following spells:

 Your Spells              Type           Power        Failure   Level  Hunger
a - Magic Dart            Conj           #...         9%          1    None

Your spell library contained the following spells:

 Spells                   Type           Power        Failure   Level  Hunger
 Searing Ray              Conj           #.....       13%         2    #......
 Dazzling Flash           Conj/Hex       #.....       26%         3    ##.....
 Fulminant Prism          Conj/Hex       #.........   67%         4    ####...
 Iskenderun's Mystic Bla  Conj/Tloc      #.......     67%         4    ####...
 Bolt of Magma            Conj/Fire/Erth #.........   95%         5    ######.
 Iskenderun's Battlesphe  Conj/Chrm      #.......     95%         5    ######.
 Iron Shot                Conj/Erth      #.........   100%        6    #######
 Orb of Destruction       Conj           #.........   100%        7    #######
 Spellforged Servitor     Conj/Summ      #.........   100%        7    #######


Dungeon Overview and Level Annotations

Branches:
Dungeon (10/15)            Temple (1/1) D:6            Lair (6/6) D:9
 Shoals (0/4) Lair:4       Spider (0/4) Lair:2          Orc (2/2) D:10
    Elf (1/3) Orc:2        Bailey (visited)          WizLab (visited)
  Slime: Lair:5-6

Altars:
Ashenzari
Cheibriados
Dithmenos
Elyvilon
Fedhas
Gozag
Hepliaklqana
Kikubaaqudgha
Makhleb
Nemelex Xobeh
Okawaru
Qazlal
Ru
Sif Muna
Trog
Uskayaw
Vehumet
Wu Jian
Xom
Yredelemnul
Zin
The Shining One

Shops:
D:6 *   D:9 }(   D:10 =}[}   Orc:1 (?   Orc:2 **[=

Annotations:
D:3 2 transporters, DioBrando's ghost, amateur HuFi; Grinder
D:4 exclusion: phantom
D:5 Prince Ribbit
D:7 exclusion: downstairs
D:8 exclusion: hungry ghost
D:9 3 runed translucent doors, Webaus's ghost, novice OpFi
Lair:4 exclusions: downstairs and hippogriff, Rupert; Snorg


Innate Abilities, Weirdness & Mutations

You are very small and have problems with some larger weapons.
You are too small for most types of armour.
You have supernaturally acute eyesight. (SInv)
You are a herbivore.
You cover ground extremely quickly.
You need to consume almost no food.
Your magical capacity is low. (-10% MP)
Your spells are a little easier to cast, but a little less powerful.
You expend magic power (3 MP) to strengthen your wands.


Message History

The black mamba bites you!
The eight-headed hydra barely misses you.
The eight-headed hydra bites you! x2; The eight-headed hydra bites you.
* * * LOW HITPOINT WARNING * * *
The eight-headed hydra bites you.
* * * LOW HITPOINT WARNING * * *
The eight-headed hydra bites you!
* * * LOW HITPOINT WARNING * * *
The eight-headed hydra bites you!
* * * LOW HITPOINT WARNING * * *
The eight-headed hydra bites you.
* * * LOW HITPOINT WARNING * * *
The catoblepas gores you but does no damage.
The black mamba bites you.
* * * LOW HITPOINT WARNING * * *
The black mamba closely misses you. The eight-headed hydra bites you.
* * * LOW HITPOINT WARNING * * *
The eight-headed hydra barely misses you. x2
The eight-headed hydra bites you!
You die...

,,
.##..###.#..#.##.......#.#*
,, ,,...................#...#
# , ,,
,..................#.....#
,........†.........##.#.... ,
..{{D..................... ,
,,.###...#....#.§......#.#..
* , *,
#.####.##.###.......#### , ,
, ..#.P#..###............ , *
, .....P.....D@S.......... ,,
,,,,.....kP...FY............,
, , ,
........................ , ,
........................ , ,*
.#.#.#..#P##..###.#.#.## * *
* #####.######## ###### * ##
* *


You could see a catoblepas, an eight-headed hydra, a black mamba, a blink frog
(petrified) and a rime drake (petrified).

Vanquished Creatures
  Gastronok (Lair:2)
  4 hydras
  Erolcha (D:9)
  2 two-headed ogres (D:9)
  5 death yaks
  A queen ant (Lair:3)
  3 orc high priests (Orc:2)
  A sun demon (WizLab)
  2 unseen horrors (D:10)
  A deep elf archer (Elf:1)
  6 orc knights
  5 orc sorcerers (Orc:2)
  4 deep elf magi (Elf:1)
  12 elephants
  4 black mambas
  Joseph (D:7)
  12 spiny frogs
  A centaur skeleton (D:10)
  A rime drake (Lair:3)
  3 komodo dragons
  A hellwing (WizLab)
  A queen bee (D:8)
  2 trolls
  2 polar bears
  32 blink frogs
  An air elemental (Elf:1)
  A wyvern (Lair:2)
  39 yaks
  2 basilisks
  5 humans (D:8)
  Grum (D:8)
  A steam dragon (D:10)
  Edmund (D:5)
  9 wargs
  3 soldier ants (Lair:3)
  12 water moccasins
  Duvessa (D:7)
  A black bear (D:7)
  A sky beast (D:10)
  4 ice beasts
  17 orc warriors
  7 porcupines
  2 eyes of draining
  7 ogres
  3 phantoms
  3 wolves (D:8)
  6 centaurs
  8 crocodiles
  14 bullfrogs
  Dowan (D:7)
  2 scorpions
  19 killer bees
  3 wights (D:7)
  3 howler monkeys (D:9)
  2 vampire bats (Lair:3)
  An electric eel (Lair:3)
  A bullfrog zombie (D:6)
  A centaur zombie (D:5)
  4 crimson imps
  5 jellies
  2 bullfrog skeletons
  11 orc priests
  7 hounds
  21 orc wizards
  Ijyb (D:5)
  Terence (D:3)
  4 iguanas
  23 worker ants
  A hell rat (D:9)
  A hound zombie (D:4)
  A worker ant zombie (D:10)
  6 gnolls
  13 adders
  3 river rats (D:9)
  An ooze (D:2)
  3 adder skeletons
  2 worms
  3 dart slugs
  9 leopard geckos
  53 orcs
  2 ball pythons
  11 bats
  2 giant cockroaches
  7 hobgoblins
  14 jackals
  3 kobolds
  3 quokkas
  3 frilled lizards
  12 goblins
  A quokka skeleton (D:10)
  7 rats
  A butterfly (Lair:6)
531 creatures vanquished.

Vanquished Creatures (collateral kills)
  An orc (Bailey)
1 creature vanquished.

Vanquished Creatures (others)
  13 fungi
  8 plants
21 creatures vanquished.

Grand Total: 553 creatures vanquished

Notes
Turn   | Place    | Note
-------+----------+-------------------------------------------
     0 | D:1      | DrEnzyme the Spriggan Wanderer began the quest for the Orb.
     0 | D:1      | DrEnzyme set off with the following items: a +2 spear, a
                  | potion of lignification, 8 poisoned darts, a +0 dagger, a
                  | +0 robe, a ration
     0 | D:1      | Reached XP level 1. HP: 12/12 MP: 3/3
    84 | D:1      | Reached skill level 6 in Dodging
   500 | D:1      | Reached XP level 2. HP: 16/16 MP: 4/4
   988 | D:2      | Gained mutation: Your spells are a little easier to cast,
                  | but a little less powerful. [potion of mutation]
   988 | D:2      | Gained mutation: Your magical capacity is low. (-10% MP)
                  | [potion of mutation]
   988 | D:2      | Gained mutation: You expend magic power (3 MP) to
                  | strengthen your wands. [potion of mutation]
  1008 | D:2      | Reached XP level 3. HP: 18/20 MP: 4/4
  1398 | D:2      | Reached skill level 1 in Stealth
  1472 | D:2      | Reached XP level 4. HP: 25/25 MP: 5/5
  1791 | D:2      | Reached skill level 1 in Polearms
  2209 | D:3      | Noticed Terence
  2223 | D:3      | Killed Terence
  2223 | D:3      | Reached skill level 7 in Dodging
  2240 | D:3      | Reached XP level 5. HP: 28/29 MP: 6/6
  2255 | D:3      | Found a transporter.
  2286 | D:3      | Noticed Grinder
  2288 | D:3      | Found a transporter.
  2288 | D:3      | Noticed DioBrando's ghost (amateur HuFi)
  2415 | D:3      | Reached skill level 1 in Short Blades
  3684 | D:4      | Noticed a phantom
  3798 | D:4      | Reached XP level 6. HP: 33/33 MP: 7/7
  4323 | D:5      | Entered Level 5 of the Dungeon
  4698 | D:5      | Reached skill level 8 in Dodging
  4736 | D:5      | Reached XP level 7. HP: 28/37 MP: 8/8
  5165 | D:5      | Noticed Edmund
  5203 | D:5      | Killed Edmund
  5207 | D:5      | Reached skill level 5 in Short Blades
  5467 | D:5      | Reached skill level 9 in Dodging
  5667 | D:5      | Reached skill level 5 in Stealth
  6128 | D:5      | Noticed Ijyb
  6131 | D:5      | Killed Ijyb
  6365 | D:6      | Noticed Prince Ribbit
  6665 | D:6      | Reached XP level 8. HP: 32/42 MP: 9/9
  7072 | D:6      | Reached skill level 10 in Dodging
  7935 | D:6      | Found a staircase to the Ecumenical Temple.
  7967 | Temple   | Entered the Ecumenical Temple
  8160 | Temple   | Became a worshipper of Ashenzari the Shackled
  8222 | D:6      | Found Ycko's Assorted Antiques.
  8229 | D:6      | Bought an opalescent robe for 153 gold pieces
  8239 | D:6      | Identified the cursed +1 robe of Incorporation {rF+ rN+}
                  | (You bought it in a shop on level 6 of the Dungeon)
  8240 | D:6      | Bought a bubbling dark potion for 24 gold pieces
  8851 | D:7      | Noticed Duvessa
  8864 | D:7      | Reached XP level 9. HP: 40/46 MP: 10/10
  8865 | D:7      | Noticed Dowan
  8972 | D:7      | Found a flagged portal.
  9008 | D:7      | Reached skill level 11 in Dodging
  9089 | Bailey   | Entered a bailey
  9551 | D:7      | Killed Duvessa
  9694 | D:7      | Noticed Joseph
  9704 | D:7      | Killed Dowan
  9928 | D:6      | Reached skill level 12 in Dodging
 10862 | D:8      | Found a sparkling altar of Nemelex Xobeh.
 10881 | D:8      | Reached skill level 5 in Fighting
 11063 | D:7      | Killed Joseph
 11224 | D:8      | Reached XP level 10. HP: 51/51 MP: 10/10
 11360 | D:8      | Reached skill level 13 in Dodging
 12216 | D:6      | Bought a tubular onyx ring for 135 gold pieces
 12216 | D:6      | Bought a scroll of remove curse for 81 gold pieces
 12347 | D:8      | Noticed Grum
 12396 | D:8      | Reached skill level 10 in Stealth
 12603 | D:8      | Killed Grum
 12603 | D:8      | Reached skill level 10 in Short Blades
 13064 | D:9      | Found Gughoreq's Gadget Boutique.
 13526 | D:9      | Noticed a two-headed ogre
 13573 | D:9      | Killed a two-headed ogre
 13573 | D:9      | Reached skill level 14 in Dodging
 13720 | D:9      | Found Ekhiveen's Weapon Emporium.
 13980 | D:9      | Noticed a two-headed ogre
 14005 | D:9      | Found a runed translucent gate.
 14005 | D:9      | Found a runed translucent gate.
 14007 | D:9      | Found an opulent altar of Gozag.
 14037 | D:9      | Killed a two-headed ogre
 14037 | D:9      | Reached XP level 11. HP: 33/56 MP: 11/11
 14137 | D:9      | Found a runed translucent gate.
 14157 | D:9      | Noticed Erolcha
 14160 | D:9      | Killed Erolcha
 14187 | D:9      | Reached * piety under Ashenzari
 14268 | D:9      | Found a staircase to the Lair.
 14378 | D:9      | Noticed a death yak
 14420 | D:9      | Noticed Webaus's ghost (novice OpFi)
 14422 | D:9      | Noticed an unseen horror
 14473 | D:9      | Noticed a death yak
 14573 | D:10     | Entered Level 10 of the Dungeon
 14573 | D:10     | Found Ofiom's Armour Shop.
 14573 | D:10     | Found Uramof's Jewellery Shop.
 14577 | D:10     | Found Picwi's Gadget Shop.
 14578 | D:10     | Found Hoaseomn's Gadget Shop.
 14722 | D:10     | Noticed an unseen horror
 14820 | D:10     | Killed an unseen horror
 14820 | D:10     | Reached skill level 15 in Dodging
 15078 | D:10     | Noticed an unseen horror
 15384 | D:10     | Bought a +3 amulet of reflection for 204 gold pieces
 15872 | D:10     | Found a staircase to the Orcish Mines.
 16030 | D:10     | Killed an unseen horror
 16176 | Orc:1    | Entered Level 1 of the Orcish Mines
 16788 | Orc:1    | Found Ytuopna's Antique Weapon Boutique.
 16788 | Orc:1    | Found Omes's Magic Scroll Boutique.
 16818 | Orc:1    | Bought a scroll of identify for 24 gold pieces
 16818 | Orc:1    | Bought a scroll of identify for 24 gold pieces
 17266 | Orc:2    | Entered Level 2 of the Orcish Mines
 17278 | Orc:2    | Noticed an orc knight
 17494 | Orc:1    | Bought a polished falchion for 256 gold pieces
 17494 | Orc:1    | Identified the +1 falchion of Massacring {venom, *Drain
                  | +Blink Int+4} (You bought it in a shop on level 1 of the
                  | Orcish Mines)
 17544 | Orc:2    | Found Ippioj's Jewellery Emporium.
 17545 | Orc:2    | Noticed an orc knight
 17546 | Orc:2    | Noticed an orc knight
 17557 | Orc:2    | Noticed an orc knight
 17557 | Orc:2    | Noticed an orc high priest
 17557 | Orc:2    | Noticed an orc knight
 17679 | Orc:2    | Reached ** piety under Ashenzari
 17716 | Orc:2    | Reached skill level 16 in Dodging
 17835 | Orc:2    | Noticed an orc sorcerer
 18116 | D:9      | Noticed a death yak
 18239 | D:9      | Killed a death yak
 18517 | Lair:1   | Entered Level 1 of the Lair of Beasts
 19052 | Lair:1   | Reached XP level 12. HP: 62/62 MP: 12/12
 20339 | Lair:2   | Reached skill level 15 in Stealth
 20410 | Lair:2   | Reached skill level 17 in Dodging
 20553 | Lair:2   | Noticed Gastronok
 22035 | Lair:2   | Found a hole to the Spider Nest.
 22212 | Lair:2   | Killed Gastronok
 22212 | Lair:2   | Reached skill level 18 in Dodging
 22509 | Orc:1    | Bought a scroll of remove curse for 36 gold pieces
 22509 | Orc:1    | Bought a scroll of remove curse for 36 gold pieces
 22509 | Orc:1    | Bought 2 scrolls of remove curse for 72 gold pieces
 22509 | Orc:1    | Bought a scroll of remove curse for 36 gold pieces
 22509 | Orc:1    | Bought a scroll of fear for 42 gold pieces
 22677 | Lair:2   | Reached *** piety under Ashenzari
 22694 | Lair:2   | Noticed a death yak
 22694 | Lair:2   | Noticed a death yak
 22699 | Lair:2   | Noticed a death yak
 22699 | Lair:2   | Noticed a death yak
 22826 | Lair:2   | Killed a death yak
 23225 | Lair:2   | Killed a death yak
 23225 | Lair:2   | Reached XP level 13. HP: 67/67 MP: 13/13
 25493 | Lair:2   | Found a hole to the Spider Nest.
 25975 | Lair:3   | Reached skill level 19 in Dodging
 26978 | Lair:4   | Noticed Snorg
 27023 | Lair:4   | Reached **** piety under Ashenzari
 27225 | Lair:4   | Identified the ring "Jutrogug" {Dex+4 Slay+1}
 27250 | Lair:4   | Found a staircase to the Shoals.
 27250 | Lair:4   | Noticed Rupert
 28276 | Lair:5   | Learned a level 1 spell: Magic Dart
 28562 | Lair:5   | Reached skill level 1 in Spellcasting
 29138 | Lair:6   | Entered Level 6 of the Lair of Beasts
 29138 | Lair:6   | Reached ***** piety under Ashenzari
 29554 | Lair:5   | Reached XP level 14. HP: 59/72 MP: 16/16
 30068 | Orc:2    | Reached skill level 20 in Dodging
 31130 | Orc:2    | Found Coehoh Pionk's General Store.
 31220 | Orc:2    | Found Ecwuf's General Store.
 31231 | Orc:2    | Found Ecleg's Armour Shop.
 31301 | Orc:2    | Found a burning altar of Makhleb.
 31370 | Orc:2    | Reached skill level 1 in Armour
 31631 | Orc:2    | Found a staircase to the Elven Halls.
 31681 | Elf:1    | Entered Level 1 of the Elven Halls
 32061 | Elf:1    | Found a magical portal.
 32064 | WizLab   | Entered The Hall of the Hellbinder
 32111 | WizLab   | Noticed a balrug
 32508 | Elf:1    | Identified the cursed +1 glaive of the Chain {vorpal, MR++
                  | Str+5}
 32653 | Orc:2    | Upgraded the game from 0.25-a0-927-g39f137c to
                  | 0.25-a0-930-g9f5dfa9
 32926 | Lair:5   | Reached skill level 5 in Armour
 33211 | Lair:6   | Reduced skill Stealth to level 15
 33496 | Lair:6   | HP: 1/73 [eight-headed hydra (3)]
 33496 | Lair:6   | Mangled by an eight-headed hydra

Levels and vault maps discovered:
D:1:      nicolae_arrival_washed_ashore, layout_loops_ring, serial_forest,
          infiniplex_forest_clump_C, infiniplex_forest_lined_corner,
          infiniplex_forest_clump_small, infiniplex_forest_lined_corner,
          infiniplex_forest_clump_small, infiniplex_forest_lined_room_2,
          infiniplex_forest_lined_ring, infiniplex_forest_straight_5,
          infiniplex_forest_lined_room_2, infiniplex_forest_clump_medium
D:2:      layout_basic, first_ration
D:3:      layout_basic, gammafunk_ghost_arena, serial_bayou_pond_e,
          minmay_goblin_outpost, uniq_grinder, uniq_terence
D:4:      layout_basic
D:5:      layout_gridville, nrook_pool_corridor, uniq_ijyb, uniq_edmund
D:6:      layout_layer_cave, minmay_temple_entry_grid, serial_shops, shop,
          uniq_prince_ribbit1
D:7:      layout_rooms, enter_bailey_6, uniq_joseph, uniq_duvessa
D:8:      layout_basic, nemelex_xobeh_ov_fountains_minmay, david_nohive_1,
          minmay_ruffians, uniq_grum
D:9:      layout_irregular_city, dpeg_lair_monsters, ebering_ghost_gozag,
          serial_shops, kennysheep_little_box, shop, uniq_erolcha
D:10:     cheibrodos_barr_body, layout_loops_ring, minmay_orc_entry_guard_dogs,
          grunt_decor_mini_mirrors, minmay_shop_grid_forest
Temple:   kilobyte_greek_temple
Lair:1:   layout_long_grid, infiniplex_staircase_pool, grunt_megastairs_3
Lair:2:   layout_long_grid, spider_nest_entry_a, uniq_gastronok
Lair:3:   layout_loops_ring, roderic_batcave, serial_bayou_pond_b,
          chequers_serial_rivers_micro_c, st_stairs_9, minmay_another_anthill,
          serial_bayou_shore_a, grunt_megastairs_5
Lair:4:   layout_cave_pods, shoals_dummy_entry, serial_bayou_pond_c, uniq_snorg,
          uniq_rupert
Lair:5:   layout_regular_city, dpeg_slime_entry_corner, grunt_megastairs_2
Lair:6:   hangedman_lair_caniforms_friends, layout_long_grid,
          grunt_megastairs_1, lemuel_fruit_fields
Orc:1:    layout_diamond_mine, serial_shops, shop, shop
Orc:2:    st_orc_elflike, layout_diamond_mine, bloody_makhleb
Elf:1:    layout_loops_cross, mu_enter_wizlab_7, nicolae_trove_entry_diagonal,
          minmay_elf_necromancy

Skill      XL: |  1  2  3  4  5  6  7  8  9 10 11 12 13 14 |
---------------+-------------------------------------------+-----
Dodging        | 6 7 8 9 10 12 14 16 18 19 20 | 20.9
Stealth        | 1 2 3 4 5 6 9 11 14 16 18 15 | 15.4
Throwing       | 2 |  2.2
Polearms       | 1 |  1.1
Short Blades   | 2 3 5 7 9 10 11 12 | 12.9
Fighting       | 4 5 6 7 8 |  8.1
Spellcasting   | 2 4 |  4.4
Armour         | 5 |  5.7
Evocations     | |  1.3

Action                   |  1- 3 |  4- 6 |  7- 9 | 10-12 | 13-15 || total
-------------------------+-------+-------+-------+-------+-------++-------
Melee: Spear             |    63 |    38 |       |       |       ||   101
       Dagger            |       |   142 |   379 |  1148 |  1098 ||  2767
Throw: Dart              |    37 |    65 |   121 |   181 |    54 ||   458
Invok: Curse Item        |       |       |     1 |     3 |       ||     4
       Scrying           |       |       |       |     1 |     4 ||     5
       Transfer Knowledg |       |       |       |       |     1 ||     1
Evoke: Wand              |       |     3 |    35 |    12 |    29 ||    79
  Use: Scroll            |     4 |     4 |     7 |     6 |     7 ||    28
       Potion            |     1 |       |     2 |     1 |       ||     4
 Stab: Sleeping          |     1 |     3 |     5 |    23 |    31 ||    63
       Distracted        |       |       |     2 |     2 |     3 ||     7
       Petrified         |       |       |       |       |     1 ||     1
  Eat: Ration            |       |       |     4 |     6 |     6 ||    16
Armor: Robe              |     4 |     9 |    15 |    12 |    23 ||    63
Dodge: Dodged            |    45 |   163 |   325 |   727 |   801 ||  2061
Block: Other             |       |       |       |    34 |    67 ||   101
       Reflection        |       |       |       |       |     1 ||     1

Table legend:
 A = Non-vault XP
 B = Vault XP
 C = Vault XP percentage of total XP
 D = Non-vault monster count
 E = Vault monster count
 F = Vault count percentage of total count
                 A         B        C        D         E       F
            +---------+---------+-------+---------+---------+-------
      Total |   52426 |   29720 |  36.2 |     379 |     152 |  28.6
            +---------+---------+-------+---------+---------+-------
        D:1 |      14 |       0 |   0.0 |       7 |       0 |   0.0
        D:2 |     135 |       0 |   0.0 |      30 |       0 |   0.0
        D:3 |      99 |      50 |  33.6 |      19 |       8 |  29.6
        D:4 |     197 |       0 |   0.0 |       8 |       0 |   0.0
        D:5 |     840 |     205 |  19.6 |      24 |       2 |   7.7
        D:6 |    1248 |       0 |   0.0 |      27 |       0 |   0.0
        D:7 |    1211 |     685 |  36.1 |      21 |       4 |  16.0
        D:8 |    1141 |    2559 |  69.2 |      29 |      22 |  43.1
        D:9 |    2578 |    2057 |  44.4 |      21 |       9 |  30.0
       D:10 |    3728 |    1199 |  24.3 |      24 |      12 |  33.3
     Lair:1 |    3977 |     559 |  12.3 |      19 |       2 |   9.5
     Lair:2 |   13876 |    3582 |  20.5 |      45 |       8 |  15.1
     Lair:3 |    5113 |    5007 |  49.5 |      21 |      38 |  64.4
     Lair:4 |     897 |       0 |   0.0 |       4 |       0 |   0.0
     Lair:5 |    8049 |    1141 |  12.4 |      29 |       4 |  12.1
     Lair:6 |    2191 |    2994 |  57.7 |       5 |       5 |  50.0
      Orc:1 |    1791 |     125 |   6.5 |      15 |       1 |   6.2
      Orc:2 |    2371 |    8265 |  77.7 |      25 |      24 |  49.0
      Elf:1 |    2970 |       0 |   0.0 |       6 |       0 |   0.0
     Bailey |       0 |     158 | 100.0 |       0 |      11 | 100.0
     WizLab |       0 |    1134 | 100.0 |       0 |       2 | 100.0
            +---------+---------+-------+---------+---------+-------
